Map: Para Site LE

Players

Gink

  • Race: Protoss Protoss
  • League: Gold
  • Spawn Location: 11:00

Mesrob - Winner!

  • Race: Terran Terran
  • League: Gold
  • Spawn Location: 5:00

VOD

Have the link to the VOD?

Description

Time

  • Played on: Jan. 11, 2019, 8:38 a.m.
  • Length: 18:44
Show
View Real Time Build Order
Export as new Build Order

Gink Protoss 

Build Orders:  

Get SALT Encoding   

  12  0:17  Pylon  
  12  0:23  Probe  
  13  0:31  Probe  
  13  0:41  Probe  
  15  0:53  Probe  
  16  1:02  Gateway  
  16  1:03  Probe  
  17  1:11  Probe  
  17  1:12  Pylon  
  17  1:17  Pylon  
  18  1:19  Assimilator, Probe  
  19  1:28  Assimilator  
  19  1:31  Probe  
  20  1:43  Probe  
  21  1:50  Zealot  
  23  1:54  Probe  
  23  1:57  Cybernetics Core  
  24  2:02  Probe  
  25  2:10  Probe  
  26  2:17  Zealot  
  26  2:22  Probe  
  29  2:27  Gateway  
  29  2:31  Pylon  
  29  2:34  Probe  
  29  2:36  Stargate  
  30  2:44  Zealot  
  30  2:46  Probe  
  33  2:52  Warp Gate  
  33  2:58  Probe  
  34  3:10  Probe  
  34  3:11  Stalker  
  37  3:13  Void Ray  
  37  3:15  Zealot  
  39  3:22  Probe  
  44  3:34  Probe  
  45  3:41  Stalker  
  45  3:42  Pylon  
  47  3:55  Void Ray  
  51  4:13  Nexus  
  51  4:35  Robotics Facility  
  51  4:37  Pylon  
  51  4:38  Pylon  
  51  4:43  Void Ray  
  55  4:55  Sentry  
  55  4:56  Zealot  
  59  5:08  Assimilator  
  59  5:12  Assimilator  
  59  5:13  Pylon  
  59  5:15  Pylon  
  59  5:17  Observer  
  59  5:26  Void Ray  
  60  5:31  Probe  
  60  5:32  Probe  
  66  5:43  Probe  
  67  5:50  Observer  
  68  5:57  Zealot x2  
  72  6:06  Forge  
  72  6:08  Observer  
  72  6:10  Void Ray  
  77  6:19  Probe  
  77  6:20  Probe  
  79  6:32  Probe x2  
  81  6:36  Observer  
  81  6:37  Protoss Ground Weapons Level 1  
  81  6:44  Probe x2  
  83  6:50  Zealot  
  83  6:52  Zealot  
  87  6:56  Probe x2  
  89  7:06  Observer  
  89  7:08  Probe x2  
  91  7:12  Sentry  
  91  7:13  Sentry  
  96  7:17  Protoss Air Weapons Level 1  
  96  7:20  Probe x2  
  98  7:30  Robotics Bay  
  98  7:32  Pylon  
  98  7:33  Pylon  
  98  7:37  Pylon  
  98  7:38  Sentry x2  
  98  7:41  Pylon  
  102  7:45  Twilight Council  
  102  8:03  Nexus  
  102  8:07  Gravitic Boosters  
  102  8:10  Stargate  
  102  8:13  Robotics Facility  
  102  8:25  Charge  
  102  8:41  Zealot x2  
  106  8:52  Nexus  
  106  8:54  Colossus, Extended Thermal Lance  
  112  9:10  Void Ray  
  116  9:20  Probe  
  116  9:21  Probe x2  
  116  9:23  Pylon  
  119  9:27  Colossus  
  119  9:32  Probe  
  126  9:42  Assimilator  
  126  9:45  Sentry x2  
  130  9:56  Colossus  
  136  10:16  Probe  
  136  10:19  Assimilator  
  137  10:22  Void Ray  
  137  10:23  Void Ray  
  135  10:28  Probe  
  143  10:40  Probe  
  143  10:42  Sentry  
  146  10:43  Sentry  
  148  10:53  Probe  
  148  10:55  Void Ray  
  149  11:05  Probe  
  149  11:10  Stargate  
  154  11:12  Pylon  
  154  11:16  Pylon  
  154  11:27  Void Ray  
  154  11:30  Zealot x2  
  160  11:49  Gateway  
  160  12:07  Pylon  
  160  12:08  Assimilator  
  160  12:12  Assimilator  
  160  12:15  Pylon, Void Ray  
  160  12:16  Pylon, Void Ray x2, Protoss Ground Armor Level 1  
  160  12:17  Pylon  
  160  12:18  Colossus x2  
  160  12:19  Pylon x2  
  160  12:22  Pylon  
  184  12:24  Pylon  
  184  12:37  Photon Cannon  
  184  12:39  Photon Cannon  
  184  12:40  Photon Cannon  
  184  12:43  Protoss Air Armor Level 1  
  184  13:12  Gateway  
  184  13:23  Fleet Beacon  
  110  14:11  Void Ray x3  
  76  14:35  Colossus  
  76  14:37  Colossus  
  70  14:42  Zealot x4  
  70  14:44  Void Ray x2  
  84  14:57  Void Ray  
  94  15:16  Gateway  
  94  15:17  Carrier  
  94  15:19  Gateway  
  94  15:20  Colossus  
  100  15:28  Protoss Air Weapons Level 2  
  100  15:30  Colossus  
  112  15:36  Void Ray  
  112  15:47  Zealot x2  
  112  15:48  Zealot x2  
  104  16:03  Zealot x2  
  94  16:05  Void Ray  
  94  16:10  Zealot x3  
  96  16:11  Zealot  
  94  16:19  Void Ray  
  84  16:33  Void Ray  
  88  16:40  Zealot x2  
  88  16:41  Zealot x3  
  88  16:44  Sentry  
  81  17:10  Zealot x5  
  81  17:11  Zealot  
  71  17:23  Void Ray  
  71  17:24  Void Ray  
  53  17:35  Sentry  
  53  17:36  Sentry  
  65  17:38  Sentry  
  65  17:41  Sentry x2  
  54  18:02  Zealot  
  54  18:03  Zealot x2  
  49  18:05  Zealot  
  51  18:21  Sentry x2  
Show
View Real Time Build Order
Export as new Build Order

Mesrob Terran - Winner!

Build Orders: Mech 

Get SALT Encoding   

  12  0:00  SCV  
  13  0:12  SCV  
  14  0:17  Supply Depot  
  14  0:25  SCV  
  15  0:39  SCV  
  15  0:41  Barracks  
  16  0:51  SCV  
  16  0:54  Refinery  
  17  1:03  SCV  
  18  1:15  SCV  
  19  1:30  Orbital Command  
  19  1:32  Marine  
  20  1:45  Command Center  
  20  2:04  SCV, Bunker  
  21  2:12  Factory  
  21  2:13  Barracks Tech Lab  
  21  2:16  SCV  
  22  2:30  SCV  
  23  2:47  Supply Depot  
  23  2:56  Supply Depot, SCV  
  24  3:02  Orbital Command  
  24  3:06  Marine  
  24  3:10  Supply Depot  
  24  3:12  Siege Tank  
  28  3:18  SCV  
  29  3:21  Refinery  
  29  3:27  Engineering Bay  
  29  3:30  Marine, SCV  
  31  3:42  SCV  
  32  3:49  Siege Tank  
  32  3:54  SCV  
  36  4:04  Missile Turret x2  
  36  4:06  SCV  
  36  4:08  SCV  
  38  4:18  SCV  
  38  4:21  Siege Tank  
  38  4:22  Command Center  
  42  4:42  Supply Depot  
  42  4:47  Armory  
  42  4:52  Missile Turret  
  42  4:53  Siege Tank  
  42  4:54  Refinery, SCV  
  42  4:57  SCV  
  47  5:05  Supply Depot  
  47  5:06  SCV  
  48  5:09  SCV  
  49  5:18  SCV  
  50  5:30  Factory, SCV  
  51  5:35  Thor  
  57  5:44  SCV x2  
  59  5:50  Supply Depot  
  59  5:55  Armory  
  59  5:59  Supply Depot  
  59  6:00  Refinery, SCV  
  59  6:01  SCV  
  61  6:07  Planetary Fortress  
  61  6:16  Factory Reactor  
  61  6:28  Factory  
  61  6:35  Supply Depot  
  61  6:37  Hellbat  
  63  6:46  Supply Depot  
  63  6:48  SCV x2  
  63  6:50  SCV  
  66  6:57  Hellbat  
  66  6:58  Hellbat  
  70  7:02  Thor  
  76  7:14  Factory Tech Lab, Factory  
  76  7:20  Hellbat x2  
  76  7:22  SCV x2  
  82  7:23  SCV  
  83  7:31  Refinery  
  83  7:39  Sensor Tower  
  83  7:45  Thor  
  83  7:48  Marine  
  83  7:49  Missile Turret  
  83  7:50  Thor  
  96  7:52  Hellbat x2  
  96  7:57  Supply Depot  
  100  7:59  Terran Vehicle Weapons Level 1  
  100  8:02  Terran Vehicle And Ship Armor Level 1  
  100  8:05  SCV  
  101  8:06  SCV x2  
  101  8:10  Refinery  
  103  8:17  SCV  
  103  8:18  SCV x2  
  106  8:20  Supply Depot  
  106  8:23  Supply Depot  
  106  8:26  Sensor Tower  
  106  8:30  Supply Depot  
  106  8:37  Factory Reactor  
  106  8:40  Widow Mine  
  106  8:41  Widow Mine  
  116  8:43  Supply Depot, Thor  
  116  8:46  Supply Depot  
  116  8:50  Thor  
  122  8:58  Missile Turret  
  122  9:02  Hellbat x2  
  126  9:06  Supply Depot  
  126  9:09  Supply Depot  
  126  9:12  SCV x3  
  126  9:17  Missile Turret  
  129  9:24  SCV x3  
  132  9:36  SCV x3  
  135  9:39  Command Center  
  135  9:45  Thor  
  141  9:46  Thor  
  141  9:47  Hellbat  
  141  9:48  Hellbat, Widow Mine, SCV  
  141  9:49  Widow Mine  
  155  10:28  Thor x2  
  161  10:31  Refinery  
  167  10:39  Hellbat  
  167  10:40  Hellbat x2  
  172  10:57  Refinery, Widow Mine  
  172  11:01  Widow Mine x2  
  178  11:11  Thor x2  
  190  11:29  Planetary Fortress  
  190  11:50  Missile Turret  
  190  11:53  Infernal Pre-Igniter, Thor  
  194  11:54  Thor  
  194  11:55  Drilling Claws  
  194  12:00  Terran Vehicle Weapons Level 2  
  198  12:02  Terran Vehicle And Ship Armor Level 2  
  198  12:10  Hellbat  
  198  12:12  Supply Depot  
  200  12:25  Factory  
  200  12:28  Factory  
  200  12:43  Sensor Tower  
  200  12:53  Missile Turret  
  200  13:11  Factory Tech Lab x2, Factory  
  200  13:13  Smart Servos  
  200  13:14  Factory  
  200  13:55  Factory Tech Lab  
  107  14:17  Thor x5  
  99  14:19  Hellbat  
  99  14:20  Hellbat x4  
  119  14:41  Hellbat x5  
  127  14:59  Thor  
  121  15:00  Hellbat, Thor x3  
  147  15:21  Thor  
  147  15:24  Hellbat  
  147  15:26  Hellbat x3  
  147  15:27  Hellbat  
  163  15:42  Starport, Thor x3  
  163  15:43  Thor  
  163  15:45  Hellbat  
  163  15:48  Hellbat x4, Starport  
  169  16:04  Thor  
  169  16:07  Hellbat  
  169  16:09  Hellbat x2  
  173  16:25  Thor x2  
  149  17:13  Thor x5  
  181  17:15  Hellion x2  
  181  17:16  Hellion x3  
  177  17:29  Hellion x5  
  177  17:35  Command Center  
  181  17:37  Hellbat x5  
  187  17:56  Thor  
  189  18:24  Factory Reactor  
Tags
 
Composition
Mech
League
GoldGold
Matchup
PvT
Replay Pack
sc2 replays
Spawn Locations
Cross Positions
Add a new tag
Caveats
  • Supply blocks, unpowered buildings, or Contaminate may cause inaccurate times.
  • Supply counts are checked every 10 seconds.